 Dungeon Crawl Stone Soup version 0.30-a0-859-gf88a04b62d (webtiles) character file.

Game seed: 13651196150069138682

3282 zenocrate the Martial Artist (level 10, -9/69 HPs)
             Began as an Octopode Transmuter on Mar 7, 2023.
             Mangled by a wyvern (15 damage)
             ... on level 8 of the Dungeon.
             The game lasted 00:10:07 (7632 turns).

zenocrate the Martial Artist (Octopode Transmuter)  Turns: 7632, Time: 00:10:07

Health: -9/69      AC:  8    Str:  9    XL:     10   Next: 0%
Magic:  10/13      EV: 10    Int: 21    God:
Gold:   533        SH:  0    Dex: 12    Spells: 6/13 levels left

rFire   + . .      SeeInvis .      - Unarmed
rCold   + + +      Faith    .    (shield currently unavailable)
rNeg    . . .      Spirit   .    s - melded +1 hat
rPois   +          Reflect  .    (no amulet)
rElec   .          Rampage  .    e - ring of protection from fire
rCorr   .                        g - ring of protection from fire
Will    +....                    w - ring of willpower
Stlth   ++                       (no ring)
HPRegen 0.31/turn                (no ring)
MPRegen 0.13/turn                (no ring)
                                 (no ring)
                                 (no ring)

@: ice-form, wereblooded, on berserk cooldown, slowed, studying Polearms, very
slow
A: freezing attack, boosted hp, almost no armour, amphibious, 8 rings, large,
(camouflage 1), (gelatinous body 1), (nimble swimmer 1), (tentacles)
a: End Transformation


You were on level 8 of the Dungeon.
You were a creature of crystalline ice.
You visited 2 branches of the dungeon, and saw 9 of its levels.
You also visited: Sewer.

You collected 533 gold pieces.

Inventory:

Hand Weapons
 t - the +6 rapier "Vetum" {flame, Fly rPois}
   (You found it on level 4 of the Dungeon)

   rPois:     It protects you from poison.
   Fly:       It grants you flight.
Missiles
 i - 2 throwing nets
Armour
 a - a +0 buckler
 s - a +1 hat (melded)
 u - a +0 kite shield
Jewellery
 e - a ring of protection from fire (left front paw)
 g - a ring of protection from fire (right front paw)
 w - a ring of willpower (on tentacle)
Wands
 l - a wand of flame (26)
 x - a wand of roots (7)
Scrolls
 b - 2 scrolls of enchant weapon {unknown}
 d - a scroll of silence {unknown}
 m - 3 scrolls of teleportation
 n - 2 scrolls of enchant armour
 o - 3 scrolls of magic mapping
 p - 3 scrolls of blinking
 r - 2 scrolls of fog {unknown}
 y - 2 scrolls of poison {unknown}
 z - a scroll of amnesia {unknown}
Potions
 c - 2 potions of haste
 f - 3 potions of curing
 j - a potion of ambrosia
 k - 2 potions of invisibility
 v - a potion of resistance


   Skills:
 - Level 1.0 Fighting
 - Level 2.0 Dodging
 - Level 1.0 Stealth
 + Level 9.7 Unarmed Combat
 - Level 2.0 Spellcasting
 + Level 9.4 Transmutations
 - Level 4.3 Ice Magic


You had 6 spell levels left.
You knew the following spells:

 Your Spells              Type           Power      Damage    Failure   Level
a - Ice Form              Ice/Tmut       30%        N/A       9%          4
b - Wereblood             Tmut           41%        N/A       1%          2
c - Beastly Appendage     Tmut           82%        N/A       1%          1

Your spell library contained the following spells:

 Spells                   Type           Power      Damage    Failure   Level
 Spider Form              Tmut/Pois      21%        N/A       6%          3
 Ozocubu's Armour         Ice            20%        N/A       8%          3
 Apportation              Tloc           4%         N/A       14%         1
 Necrotise                Necr           8%         1d4       14%         1
 Summon Small Mammal      Summ           8%         N/A       14%         1
 Cigotuvi's Dreadful Rot  Necr/Pois/Air  4%         N/A       22%         2
 Poisonous Vapours        Pois/Air       4%         N/A       22%         2
 Gell's Gravitas          Tloc           2%         N/A       41%         3
 Mephitic Cloud           Conj/Pois/Air  2%         N/A       41%         3
 Teleport Other           Tloc           2%         N/A       41%         3
 Metabolic Englaciation   Hex/Ice        5%         N/A       86%         5
 Dispersal                Tloc           1%         N/A       100%        6
 Simulacrum               Ice/Necr       5%         N/A       100%        6


Dungeon Overview and Level Annotations

Branches:
Dungeon (8/15)             Temple (1/1) D:5           Sewer (visited)
   Lair: D:8-11

Altars:
Cheibriados
Dithmenos
Fedhas
Hepliaklqana
Kikubaaqudgha
Nemelex Xobeh
Okawaru
Qazlal
Ru
Sif Muna
Trog
Vehumet
Wu Jian
Xom
Yredelemnul
Zin
The Shining One

Shops:
D:3 (


Innate Abilities, Weirdness & Mutations

You are a creature of crystalline ice.
You have a powerful freezing melee attack.
Your maximum health is increased.
Your armour is entirely melded.
You are incapable of wielding weapons or throwing items.
You cannot wear most types of armour.
You are amphibious.
You can wear up to eight rings at the same time.
((Your skin changes colour to match your surroundings (Stealth+).))
((Your rubbery body absorbs attacks. (AC +1, EV +1)))
((You are camouflaged when in or above water. (Stealth+)))
((You have tentacles for arms and can constrict up to eight enemies at once.))


Message History

You punch the centaur warrior! You freeze the centaur warrior.
You feel a bit better.
You kill the centaur warrior!
Your Unarmed Combat skill increases to level 9!
Your Transmutations skill increases to level 9!
You punch the yak! You freeze the yak.
The yak is heavily wounded.
You hit the yak. You freeze the yak.
The yak is heavily wounded.
The yak gores you!
You punch the yak! You freeze the yak.
You feel a bit better.
You kill the yak!
You have reached level 10!
You feel clever.
You start resting.
You feel a strong urge to attack something.
You are no longer berserk.
You are exhausted.
You feel yourself slow down.
A sleepcap comes into view.
The wyvern bites you but does no damage.
There are monsters nearby!
There are monsters nearby!
There are monsters nearby!
There are monsters nearby!
There are monsters nearby!
You barely miss the wyvern. The wyvern barely misses you.
You hit the wyvern. You freeze the wyvern.
The wyvern is moderately wounded.
The wyvern bites you!
* * * LOW HITPOINT WARNING * * *
The wyvern barely misses you.
You hit the wyvern. You freeze the wyvern.
The wyvern is moderately wounded.
The wyvern misses you. The wyvern bites you!
* * * LOW HITPOINT WARNING * * *
You punch the wyvern! You freeze the wyvern.
The wyvern is almost dead.
The wyvern closely misses you. The wyvern bites you!
You die...

#.# #.# #.# #.#
##.## ##.#.####
.
##.###...##...
#..l#.f.......
##.##Y#<..####.
##..########
#..########
#.......c..
#....#...#.
#...#$# ..#
#..#...# l
#......Y.
#....#...#


You could see a wyvern and a sleepcap.

Vanquished Creatures
  A centaur warrior (D:8)
  2 wyverns
  A yak (D:8)
  Menkaure (D:4)
  2 orc warriors
  2 sky beasts
  2 ice beasts
  An ogre (D:4)
  A black bear (D:5)
  A phantom (D:6)
  2 centaurs
  3 bullfrogs
  A gnoll sergeant (D:7)
  3 scorpions
  A howler monkey (D:7)
  2 jellies
  2 orc priests
  A hound (D:5)
  A sleepcap (D:6)
  3 iguanas
  Natasha (thrice) (D:4)
  An orc wizard (D:6)
  10 gnolls
  13 adders
  A shadow imp (D:6)
  An ufetubus (D:3)
  2 worms
  4 dart slugs
  14 orcs
  15 ball pythons
  10 endoplasms
  11 giant cockroaches
  A goblin (D:2)
  4 hobgoblins
  7 jackals
  7 kobolds
  9 quokkas
  3 bats
  20 frilled lizards
  5 rats (D:2)
174 creatures vanquished.

Notes
Turn   | Place    | Note
-------+----------+-------------------------------------------
     0 | D:1      | zenocrate the Octopode Transmuter began the quest for the
                  | Orb.
     0 | D:1      | Reached XP level 1. HP: 13/13 MP: 3/3
   196 | D:1      | Reached skill level 1 in Stealth
   247 | D:1      | Reached XP level 2. HP: 18/18 MP: 3/5
   250 | D:1      | Learned a level 2 spell: Wereblood
   803 | D:2      | Reached XP level 3. HP: 17/23 MP: 2/6
   811 | D:2      | Reached XP level 4. HP: 27/28 MP: 3/7
   816 | D:2      | Learned a level 4 spell: Ice Form
  1221 | D:2      | Reached skill level 1 in Ice Magic
  1365 | D:2      | Reached XP level 5. HP: 31/33 MP: 8/8
  1690 | D:3      | Found a glowing drain.
  1694 | Sewer    | Entered a sewer
  1993 | Sewer    | Reached XP level 6. HP: 13/38 MP: 6/9
  2302 | D:3      | Found a faded altar of an unknown god.
  2323 | D:3      | Prayed at the altar of an unknown god.
  2323 | D:3      | Became a worshipper of Sif Muna the Loreminder
  2323 | D:3      | Reached * piety under Sif Muna
  2324 | D:3      | Fell from the grace of Sif Muna
  2535 | D:3      | Found Wesukie's Weapon Shop.
  2915 | D:4      | Reached skill level 5 in Unarmed Combat
  2962 | D:4      | Noticed a sky beast
  2975 | D:4      | Killed a sky beast
  2976 | D:4      | Reached XP level 7. HP: 29/43 MP: 4/10
  3115 | D:4      | Noticed Natasha
  3133 | D:4      | Killed Natasha
  3177 | D:4      | Noticed Menkaure
  3197 | D:4      | Killed Menkaure
  3198 | D:4      | Reached skill level 5 in Transmutations
  3240 | D:4      | Noticed Natasha
  3248 | D:4      | Killed Natasha
  3322 | D:4      | Noticed Natasha
  3328 | D:4      | Killed Natasha
  3543 | D:4      | Identified the +6 rapier "Vetum" {flame, Fly rPois}
  3704 | D:4      | Reached XP level 8. HP: 48/48 MP: 8/11
  3863 | D:5      | Entered Level 5 of the Dungeon
  4139 | D:5      | HP: 1/48 [black bear (6)]
  4458 | D:5      | Found a staircase to the Ecumenical Temple.
  4581 | Temple   | Entered the Ecumenical Temple
  5777 | D:6      | Noticed a wyvern
  5888 | D:6      | Killed a wyvern
  5889 | D:6      | Reached XP level 9. HP: 51/53 MP: 5/12
  6773 | D:7      | Found a hazy altar of Hepliaklqana.
  7070 | D:7      | Identified the +5 dagger of the Volcano {holy, rElec Int+2}
  7448 | D:7      | Found a snail-covered altar of Cheibriados.
  7602 | D:8      | Noticed a centaur warrior
  7621 | D:8      | Killed a centaur warrior
  7625 | D:8      | Reached XP level 10. HP: 49/58 MP: 8/13
  7632 | D:8      | Mangled by a wyvern

Illustrated notes

Levels and vault maps discovered:
D:1:      sevenhm_arrival_forest_fort_large_2, layout_rooms, minmay_lizard_pond
D:2:      layout_basic
D:3:      layout_loops_ring, gup_sewer_entry_bowl, serial_shops,
          nicolae_shop_hallway_plus, ebering_ecumenical_altar_sacrificial,
          roderic_serpentine_path, hangedman_glass_teeth
D:4:      layout_cave_pools, chequers_jeans, minmay_joined_circles,
          uniq_menkaure, uniq_natasha
D:5:      layout_loops_ring, minmay_temple_entry_trees
D:6:      layout_rooms
D:7:      layout_loops_ring, lemuel_doored_altar, lemuel_coloured_pillars_altar
D:8:      cheibrodos_fzero, layout_loops_corners, lemuel_round_altar,
          mainiacjoe_overflow_catwalk_spiral, david_lair_generic,
          gammafunk_ghost_split, chequers_hall_statues_wall_a, uniq_grum
Temple:   eino_wide_crystal_templ

Skill      XL: |  1  2  3  4  5  6  7  8  9 |
---------------+----------------------------+-----
Stealth        | 1 |  1.0
Transmutations | 3 4 5 7 9 |  9.4
Unarmed Combat | 4 5 6 7 9 |  9.7
Ice Magic      | 1 2 3 4 |  4.3
Fighting       | |  1.0
Dodging        | |  2.0
Spellcasting   | |  2.0

Action                     |  1- 3 |  4- 6 |  7- 9 | 10-12 || total
---------------------------+-------+-------+-------+-------++-------
  Melee: Unarmed           |    41 |   167 |   205 |     4 ||   417
         Constrict         |    14 |    46 |    14 |       ||    74
         Tentacles         |     7 |    26 |    10 |       ||    43
         Kick              |     6 |    24 |    18 |       ||    48
         Punch             |     2 |     9 |     5 |       ||    16
   Cast: Beastly Appendage |     6 |    11 |     8 |       ||    25
         Wereblood         |     4 |    13 |    13 |       ||    30
         Ice Form          |       |     1 |    19 |       ||    20
 Invoke: Renounce Religion |       |     1 |       |       ||     1
    Use: Scroll            |       |     5 |     5 |       ||    10
         Potion            |       |       |     7 |       ||     7
   Stab: Sleeping          |     3 |    11 |     4 |       ||    18
 Armour: Skin              |     1 |    16 |    63 |     1 ||    81
  Dodge: Dodged            |    23 |   108 |    99 |     4 ||   234

Table legend: (Time is in decaauts)
 A = Elapsed time spent in this place.
 B = Non-inter-level travel time spent in this place.
 C = Inter-level travel time spent in this place.
 D = Time resting spent in this place.
 E = Time spent auto-exploring this place.
 F = Levels seen in this place.
 G = Mean time per level.
                   A        B        C        D        E       F      G
               +--------+--------+--------+--------+--------+-----+--------+
         Total |   7566 |   7317 |    249 |    354 |   5808 |  10 |  756.6 |
       Dungeon |   6980 |   6739 |    241 |    348 |   5428 |   8 |  872.5 |
        Temple |     57 |     49 |      8 |      6 |     29 |   1 |   57.0 |
         Sewer |    528 |    528 |      0 |      0 |    351 |   1 |  528.0 |
               +--------+--------+--------+--------+--------+-----+--------+

Top non-repeatable levels by time:
     D:5: 1639 daAuts
     D:7: 1085 daAuts
     D:4: 965 daAuts
     D:2: 927 daAuts
     D:6: 901 daAuts
     D:3: 772 daAuts
     D:1: 642 daAuts
   Sewer: 528 daAuts
  Temple: 57 daAuts
     D:8: 45 daAuts
